 Dungeon Crawl Stone Soup version 0.29.1-2-gbd0b4ee654 (webtiles) character file.

Game seed: 8462252777049298138

79033 MTVSty1e the Executioner (level 15, -5/143 HPs)
             Began as a Minotaur Fighter on Oct 23, 2022.
             Was the Champion of Okawaru.
             Slain by an orc knight
             ... wielding a +2 battleaxe
              (21 damage)
             ... while paralysed by an ogre mage
             ... on level 15 of the Dungeon.
             The game lasted 00:40:05 (31207 turns).

MTVSty1e the Executioner (Minotaur Fighter)        Turns: 31207, Time: 00:40:06

Health: -5/143     AC: 23    Str: 35    XL:     15   Next: 19%
Magic:  17/17      EV:  2    Int:  5    God:    Okawaru [******]
Gold:   2027       SH:  0    Dex: 15    Spells: 14/14 levels left

rFire   . . .      SeeInvis +   Q - +4 broad axe (flame)
rCold   + . .      Faith    .   k - +1 buckler {rC+}
rNeg    . . .      Spirit   .   E - +0 plate armour
rPois   +          Reflect  .   c - +2 hat "Mirch" {rPois rCorr Str+4}
rElec   .          Harm     .   (no cloak)
rCorr   +          Rampage  .   i - +1 pair of gloves {hurl}
Will    +....                   x - +1 pair of boots of Poeggiusch {Dex+4}
Stlth   ..........              q - amulet of the acrobat
HPRegen 0.33/turn               I - ring of Ofoir {Str+4 SInv}
MPRegen 0.15/turn               G - ring of flight

@: paralysed, flying
A: horns 2, retaliatory headbutt
a: Renounce Religion, Heroism, Finesse, Duel


You were on level 15 of the Dungeon.
You worshipped Okawaru.
Okawaru was exalted by your worship.
You visited 3 branches of the dungeon, and saw 21 of its levels.
You also visited: Ice Cave.

You collected 2027 gold pieces.

Inventory:

Hand Weapons
 O - a +2 scimitar of flaming
 Q - a +4 broad axe of flaming (weapon)
Armour
 c - the +2 hat "Mirch" (worn) {rPois rCorr Str+4}
   (Okawaru gifted it to you on level 5 of the Lair of Beasts)

   Str:       It affects your strength (+4).
   rPois:     It protects you from poison.
   rCorr:     It protects you from acid and corrosion.
 i - a +1 pair of gloves of hurling (worn)
 k - a +1 buckler of cold resistance (worn)
 x - the +1 pair of boots of Poeggiusch (worn) {Dex+4}
   (Okawaru gifted it to you on level 14 of the Dungeon)

   Dex:       It affects your dexterity (+4).
 E - a +0 plate armour (worn)
Jewellery
 a - a ring of resist corrosion
 q - an amulet of the acrobat (around neck)
 r - an amulet of magic regeneration
 G - a ring of flight (right hand)
 I - the ring of Ofoir (left hand) {Str+4 SInv}
   (You found it in an ice cave)

   [ring of see invisible]

   Str:       It affects your strength (+4).
   SInv:      It lets you see invisible.
 K - a ring of protection from fire
Wands
 s - a wand of mindburst (26)
 v - a wand of light (13)
 B - a wand of flame (62)
 D - a wand of roots (20)
Scrolls
 f - 2 scrolls of fog
 j - 3 scrolls of magic mapping
 n - 4 scrolls of enchant armour
 o - 15 scrolls of identify
 p - 6 scrolls of teleportation
 u - 6 scrolls of fear
 z - 3 scrolls of immolation
 M - 2 scrolls of poison
 P - 2 scrolls of silence
Potions
 d - 2 potions of might
 e - 5 potions of lignification
 g - a potion of brilliance
 h - a potion of magic
 l - 2 potions of flight
 m - 16 potions of curing
 t - a potion of mutation
 w - 5 potions of attraction
 C - 4 potions of haste
 F - 5 potions of berserk rage
 J - a potion of cancellation
 N - 3 potions of heal wounds
Miscellaneous
 b - a condenser vane
 H - a condenser vane


   Skills:
 + Level 15.7 Fighting
 * Level 21.2 Axes
 + Level 13.0 Armour
 + Level 13.0 Shields
 + Level 4.6 Invocations
 - Level 4.1 Evocations


You had 14 spell levels left.
You didn't know any spells.
Your spell library contained the following spells:

 Spells                   Type           Power      Damage    Failure   Level
 Sting                    Tmut/Pois      0%         1d3       96%         1
 Blink                    Tloc           0%         N/A       99%         2
 Ensorcelled Hibernation  Hex/Ice        0%         N/A       99%         2
 Poisonous Vapours        Pois/Air       0%         N/A       99%         2
 Static Discharge         Conj/Air       0%         3-3/arc   99%         2
 Sublimation of Blood     Necr           0%         N/A       99%         2
 Conjure Flame            Conj/Fire      0%         6-21      100%        3
 Frozen Ramparts          Ice            0%         1d1       100%        3
 Ignite Poison            Fire/Tmut/Pois 0%         N/A       100%        3
 Inner Flame              Hex/Fire       0%         N/A       100%        3
 Lesser Beckoning         Tloc           0%         N/A       100%        3
 Ozocubu's Armour         Ice            0%         N/A       100%        3
 Spider Form              Tmut/Pois      0%         N/A       100%        3
 Airstrike                Air            0%         2d(0-16)  100%        4
 Anguish                  Hex/Necr       0%         N/A       100%        4
 Cause Fear               Hex            0%         N/A       100%        4
 Dispel Undead            Necr           0%         3d6       100%        4
 Olgreb's Toxic Radiance  Pois           0%         N/A       100%        4
 Petrify                  Tmut/Erth      0%         N/A       100%        4
 Sticky Flame             Conj/Fire      0%         2d3       100%        4
 Fireball                 Conj/Fire      0%         3d3       100%        5
 Irradiate                Conj/Tmut      0%         3d11      100%        5
 Lightning Bolt           Conj/Air       0%         1d11      100%        5
 Manifold Assault         Tloc           0%         N/A       100%        5
 Metabolic Englaciation   Hex/Ice        0%         N/A       100%        5
 Conjure Ball Lightning   Conj/Air       0%         3x3d6     100%        6
 Starburst                Conj/Fire      0%         6d3       100%        6
 Borgnjor's Revivificati  Necr           0%         N/A       100%        8
 Discord                  Hex            0%         N/A       100%        8
 Ignition                 Fire           0%         3d3       100%        8
 Maxwell's Capacitive Co  Air            0%         ∞         100%        8
 Necromutation            Tmut/Necr      0%         N/A       100%        8
 Death's Door             Necr           0%         N/A       100%        9
 Summon Lightning Spire   Summ/Air       Unusable   N/A       N/A         4
 Simulacrum               Ice/Necr       Unusable   N/A       N/A         6

Dungeon Overview and Level Annotations

Branches:
Dungeon (15/15)            Temple (0/1) D:7            Lair (5/5) D:11
 Shoals (0/4) Lair:3       Spider (0/4) Lair:3        Slime (0/5) Lair:4
    Orc (1/2) D:11         Vaults (0/5) D:14          IceCv (visited)
 Depths: D:15

Altars:
Cheibriados
Elyvilon
Gozag
Hepliaklqana
Makhleb
Okawaru
Qazlal
Ru
Yredelemnul
Jiyva

Shops:
D:2 [

Portals:
Trove: D:13 (give 6 scrolls of fog)

Annotations:
Lair:1 3 runed translucent doors, Firil's ghost, journeyman OpFE
Lair:4 1 runed translucent door, Seraphu's ghost, journeyman SpHu


Innate Abilities, Weirdness & Mutations

You have a pair of horns on your head.
You reflexively headbutt those who attack you in melee.


Message History

You closely miss the skeletal warrior. You barely miss the orc knight.
You slice the ogre mage!! You burn the ogre mage.
The rakshasa weaves an illusion.
The skeletal warrior shimmers and seems to become two!
The ogre mage casts a spell at you.
You suddenly lose the ability to move!
The skeletal warrior hits you with a +0 scimitar!
An eight-headed hydra comes into view.
The orc knight unwields a +0 arbalest.
The orc knight wields a +2 battleaxe.
The orc knight hits you but does no damage.
The skeletal warrior hits you from afar with a +0 halberd!
The ogre mage mumbles some strange words.
The ogre mage flickers and vanishes for a moment.
The skeletal warrior hits you but does no damage.
The skeletal warrior hits you with a +0 scimitar.
A two-headed ogre comes into view.
It is wielding two +0 giant spiked clubs.
The orc knight hits you with a +2 battleaxe.
The rakshasa weaves an illusion.
The orc knight shimmers and seems to become two!
The skeletal warrior hits you with a +0 scimitar!
The skeletal warrior hits you but does no damage. x2
The orc knight roars a battlecry!
The orc knight goes into a battle-frenzy!
The orc knight roars a battlecry!
The orc knight goes into a battle-frenzy!
The skeletal warrior hits you but does no damage. x2
The skeletal warrior hits you from afar with a +0 halberd!
The ogre hits you with a +0 giant spiked club!
The ogre mage hits you but does no damage.
The rakshasa blinks!
The orc knight hits you with a +2 battleaxe!!
The skeletal warrior hits you with a +0 scimitar!
* * * LOW HITPOINT WARNING * * *
An orc comes into view. It is wielding a +0 flail.
The skeletal warrior hits you from afar with a +0 halberd.
* * * LOW HITPOINT WARNING * * *
The skeletal warrior hits you from afar with a +0 halberd!
* * * LOW HITPOINT WARNING * * *
The orc knight hits you with a +2 battleaxe!!
You die...

#.##..###..
##########.##.......
#.......##.##.....O.
#.......##.##)..R...
#.......##..o)###
#...)...##.##.#.##
#.......##.##.OOo#
#.......##.##.#Oo#
.+.......'..##.#@O#
##....(..#####$#z)#
+...##+### ###zz#
##.....# #...
#...##.# #§... #...#
# ..##.# #...# ..#
.# #...# ..# ..
#...#


You could see 2 orc knights, 3 skeletal warriors, 2 two-headed ogres, an ogre
mage (invisible), an ogre and an orc (strong).

Vanquished Creatures
  A dire elephant (Lair:5)
  A fire dragon (Lair:4)
  A vault guard (D:14)
  10 hydras
  An ice dragon (IceCv)
  A boulder beetle (Lair:1)
  3 centaur warriors
  2 catoblepae (Lair:5)
  5 two-headed ogres
  8 death yaks
  5 tengu warriors
  An alligator (Lair:5)
  A deep troll shaman (Lair:5)
  Urug (D:13)
  A skeletal warrior (D:14)
  4 lindwurms
  An orc knight (D:12)
  Pikel (D:6)
  A deep elf pyromancer (D:15)
  2 necromancers (D:14)
  A wizard (D:14)
  3 manticores
  3 cyclopes
  9 elephants (Lair:5)
  A merfolk siren (Lair:3)
  A torpor snail (Lair:5)
  2 ice statues (IceCv)
  3 black mambas
  Maurice (D:10)
  2 gargoyles
  11 cane toads
  3 kobold demonologists
  11 komodo dragons
  3 yaktaurs (D:15)
  A tengu conjurer (D:15)
  2 efreet
  12 rime drakes
  4 trolls
  A meliai (Lair:3)
  5 polar bears
  3 merfolk (Lair:3)
  18 blink frogs
  15 dream sheep
  Sigmund (D:3)
  A spriggan (Lair:5)
  2 shadows
  39 yaks
  20 humans (D:14)
  2 wraiths
  3 wyverns
  3 basilisks
  A hog (shapeshifter) (D:14)
  5 steam dragons
  4 vampire mosquitoes (D:14)
  2 wargs (D:11)
  3 acid dragons
  12 water moccasins
  Duvessa (D:7)
  An ice beast (D:5)
  9 orc warriors
  4 ogres
  3 black bears
  25 wolves
  6 centaurs
  8 kobold brigands
  2 phantoms
  10 bullfrogs
  2 gnoll sergeants
  A scorpion (D:4)
  2 necrophages
  20 wights
  Dowan (D:7)
  10 killer bees
  An electric eel (Lair:1)
  A howler monkey (D:8)
  2 lindwurm simulacra (IceCv)
  5 komodo dragon simulacra (IceCv)
  2 hounds
  3 jellies
  3 orc priests
  3 iguanas
  A gnoll bouda (D:8)
  5 orc wizards
  A hell rat (D:11)
  4 acid dragon simulacra (IceCv)
  15 gnolls
  5 adders
  2 white imps (D:6)
  2 ufetubi
  10 steam dragon simulacra (IceCv)
  A worm (D:2)
  A dart slug (D:4)
  39 orcs
  4 ball pythons
  5 bats
  7 endoplasms
  5 giant cockroaches
  8 hobgoblins
  3 jackals (D:4)
  7 quokkas
  2 frilled lizards
  9 goblins
  38 kobolds
  5 rats
568 creatures vanquished.

Vanquished Creatures (others)
  A rime drake (IceCv)
  An orc wizard (D:9)
  54 fungi
  62 plants
118 creatures vanquished.

Grand Total: 686 creatures vanquished

Notes
Turn   | Place    | Note
-------+----------+-------------------------------------------
     0 | D:1      | MTVSty1e the Minotaur Fighter began the quest for the Orb.
     0 | D:1      | Reached XP level 1. HP: 19/19 MP: 0/0
    45 | D:1      | Reached skill level 3 in Axes
    45 | D:1      | Reached XP level 2. HP: 25/27 MP: 1/1
   585 | D:2      | Found Dudaopt's Antique Armour Shoppe.
   596 | D:2      | Reached XP level 3. HP: 33/33 MP: 2/2
   689 | D:2      | Reached skill level 4 in Axes
  1391 | D:3      | Found an iron altar of Okawaru.
  1391 | D:3      | Noticed Sigmund
  1422 | D:3      | Killed Sigmund
  1423 | D:3      | Reached skill level 5 in Fighting
  1423 | D:3      | Reached skill level 6 in Axes
  1423 | D:3      | Reached XP level 4. HP: 41/42 MP: 3/3
  1423 | D:3      | Reached XP level 5. HP: 47/48 MP: 4/4
  1442 | D:3      | Became a worshipper of Warmaster Okawaru
  1478 | D:3      | Reached XP level 6. HP: 56/56 MP: 5/5
  1975 | D:3      | Reached skill level 7 in Axes
  2411 | D:4      | Found a stormy altar of Qazlal.
  2655 | D:4      | Reached XP level 7. HP: 62/63 MP: 6/6
  2967 | D:5      | Entered Level 5 of the Dungeon
  3006 | D:5      | Reached skill level 8 in Axes
  3064 | D:5      | Found a hazy altar of Hepliaklqana.
  3086 | D:5      | Reached * piety under Okawaru
  3211 | D:5      | Found a white marble altar of Elyvilon.
  3364 | D:5      | Reached skill level 9 in Axes
  3986 | D:6      | Found an opulent altar of Gozag.
  4009 | D:6      | Reached XP level 8. HP: 73/73 MP: 7/7
  4227 | D:6      | Reached ** piety under Okawaru
  4228 | D:6      | Reached skill level 10 in Axes
  4950 | D:6      | Noticed Pikel
  4965 | D:6      | Killed Pikel
  4966 | D:6      | Reached skill level 11 in Axes
  5075 | D:6      | Reached XP level 9. HP: 80/83 MP: 8/8
  5078 | D:6      | Reached *** piety under Okawaru
  5079 | D:6      | Reached skill level 12 in Axes
  5545 | D:7      | Noticed Dowan
  5546 | D:7      | Noticed Duvessa
  5560 | D:7      | Killed Duvessa
  5562 | D:7      | Killed Dowan
  5771 | D:7      | Found a staircase to the Ecumenical Temple.
  6290 | D:7      | Reached skill level 13 in Axes
  6472 | D:7      | Reached skill level 10 in Fighting
  6922 | D:8      | Reached **** piety under Okawaru
  7987 | D:8      | Reached XP level 10. HP: 77/86 MP: 9/9
  8081 | D:8      | Found a burning altar of Makhleb.
  8115 | D:8      | Found a basalt altar of Yredelemnul.
  8165 | D:8      | Identified the +5 trident "Mudis" {vamp, *Rage +Blink Fly
                  | Str+3}
  8965 | D:9      | Found a sacrificial altar of Ru.
  9177 | D:9      | Reached skill level 14 in Axes
  9426 | D:9      | Reached skill level 5 in Shields
  9430 | D:9      | Reached skill level 5 in Armour
  9443 | D:8      | Reached ***** piety under Okawaru
 10132 | D:9      | Found a snail-covered altar of Cheibriados.
 10160 | D:10     | Entered Level 10 of the Dungeon
 10215 | D:10     | Noticed a two-headed ogre
 10245 | D:10     | Killed a two-headed ogre
 11041 | D:10     | Noticed a two-headed ogre
 11046 | D:10     | Killed a two-headed ogre
 11047 | D:10     | Reached skill level 15 in Axes
 11062 | D:10     | Reached XP level 11. HP: 30/102 MP: 8/10
 11377 | D:10     | Noticed Maurice
 11390 | D:10     | Killed Maurice
 11446 | D:10     | Noticed a five-headed hydra
 11457 | D:10     | Killed a five-headed hydra
 11908 | D:11     | Found a staircase to the Orcish Mines.
 12558 | D:11     | Noticed a death yak
 12558 | D:11     | Noticed a death yak
 12996 | D:11     | Killed a death yak
 12998 | D:11     | Noticed a death yak
 13009 | D:11     | Killed a death yak
 13010 | D:11     | Reached skill level 16 in Axes
 13013 | D:11     | Killed a death yak
 13298 | D:11     | Found a staircase to the Lair.
 13393 | D:11     | Identified the +1 pair of boots of the Nexus {Int+4}
                  | (Okawaru gifted it to you on level 11 of the Dungeon)
 13393 | D:11     | Received a gift from Okawaru
 13600 | D:11     | Reached ****** piety under Okawaru
 14125 | Orc:1    | Entered Level 1 of the Orcish Mines
 14178 | Lair:1   | Entered Level 1 of the Lair of Beasts
 14218 | Lair:1   | Noticed a boulder beetle
 14234 | Lair:1   | Killed a boulder beetle
 14606 | Lair:1   | Found a frozen archway.
 14619 | IceCv    | Entered an ice cave
 15887 | IceCv    | Reached XP level 12. HP: 91/113 MP: 11/11
 16180 | IceCv    | Noticed an ice dragon
 16205 | IceCv    | Killed an ice dragon
 16210 | IceCv    | Reached skill level 17 in Axes
 16671 | IceCv    | Identified the ring of Ofoir {Str+4 SInv}
 16757 | IceCv    | Got the Disquisition on Wintry Blasts
 17027 | Lair:1   | Noticed an eight-headed hydra
 17037 | Lair:1   | Killed an eight-headed hydra
 17336 | Lair:1   | Found a runed translucent gate.
 17337 | Lair:1   | Found a runed translucent gate.
 17337 | Lair:1   | Found a runed translucent gate.
 17340 | Lair:1   | Noticed Firil's ghost (journeyman OpFE)
 17441 | Lair:1   | Identified the +4 hat of Hongem {*Corrode Str+5} (Okawaru
                  | gifted it to you on level 1 of the Lair of Beasts)
 17441 | Lair:1   | Received a gift from Okawaru
 18192 | Lair:2   | Identified the +2 leather armour of Ogrun {rElec}
 18386 | Lair:2   | Reached skill level 18 in Axes
 18665 | Lair:2   | Reached skill level 10 in Armour
 18676 | Lair:2   | Reached skill level 10 in Shields
 19234 | Lair:3   | Found a hole to the Spider Nest.
 19469 | Lair:3   | Reached XP level 13. HP: 123/123 MP: 12/12
 19493 | Lair:3   | Identified the +1 leather armour of Seobi {rCorr Dex+3}
 19499 | Lair:3   | Found a staircase to the Shoals.
 19897 | Lair:3   | Reached skill level 1 in Evocations
 21150 | Lair:3   | Identified the +1 hat of the Baleful Wumpus {+Blink rF- rC+
                  | Int+3 Dex-5} (Okawaru gifted it to you on level 3 of the
                  | Lair of Beasts)
 21150 | Lair:3   | Received a gift from Okawaru
 21763 | Lair:4   | Reached skill level 19 in Axes
 22266 | Lair:4   | Found a viscous altar of Jiyva.
 22266 | Lair:4   | Found a staircase to the Slime Pits.
 23181 | Lair:4   | Found a runed translucent door.
 23184 | Lair:4   | Noticed Seraphu's ghost (journeyman SpHu)
 23263 | Lair:4   | Noticed a fire dragon
 23280 | Lair:4   | Killed a fire dragon
 24024 | Lair:5   | Entered Level 5 of the Lair of Beasts
 24311 | Lair:5   | Identified the +2 hat "Mirch" {rPois rCorr Str+4} (Okawaru
                  | gifted it to you on level 5 of the Lair of Beasts)
 24311 | Lair:5   | Received a gift from Okawaru
 24328 | Lair:5   | Reached XP level 14. HP: 78/133 MP: 13/13
 25256 | Lair:5   | Found a burning altar of Makhleb.
 25517 | Lair:5   | HP: 6/133 [alligator (9)]
 25930 | Lair:5   | Reached skill level 1 in Invocations
 26088 | Lair:5   | Reached skill level 20 in Axes
 26825 | Lair:5   | Reached skill level 15 in Fighting
 27804 | D:13     | Noticed Urug
 27814 | D:13     | Killed Urug
 28387 | D:13     | Found a portal to a secret trove of treasure.
 29097 | D:14     | Received a gift from Okawaru
 30059 | D:14     | Found a gate to the Vaults.
 30069 | D:14     | Reached XP level 15. HP: 124/141 MP: 15/17
 30376 | D:14     | Reached skill level 21 in Axes
 30393 | D:15     | Entered Level 15 of the Dungeon
 30899 | D:14     | Identified the +1 pair of boots of Poeggiusch {Dex+4}
                  | (Okawaru gifted it to you on level 14 of the Dungeon)
 30899 | D:14     | Received a gift from Okawaru
 31202 | D:15     | Paralysed by an ogre mage for 5 turns
 31207 | D:15     | Slain by an orc knight

Illustrated notes

Levels and vault maps discovered:
D:1:      minmay_arrival_hallway, layout_rooms, minmay_misc_feat_secret_circle
D:2:      layout_rooms, serial_shops, shop,
          nicolae_concentric_dashed_squares_mild
D:3:      layout_basic, mainiacjoe_overflow_cross_hatched, dk_noncrumbling_4,
          chequers_serial_rivers_micro_b, minmay_stone_trees_medium,
          kennysheep_generic_room_15, uniq_sigmund
D:4:      layout_loops_ring, nicolae_qazlal_scattered_showers,
          chequers_serial_rivers_micro_c
D:5:      layout_basic, mainiacjoe_overflow_catwalk, elyvilon_altar_4
D:6:      layout_basic, grunt_gozag_statues, uniq_pikel
D:7:      layout_loops_corners, minmay_temple_entry_water_ring, uniq_duvessa
D:8:      layout_loops_ring, general_overflow_altar, old_standard_altar
D:9:      layout_cave_pools, mainiacjoe_overflow_big_doors
D:10:     layout_gridville, nicolae_sextant, uniq_maurice
D:11:     layout_stronghold, dpeg_lair_monsters, minmay_orc_entry_guard_dogs,
          eino_jars
D:12:     layout_rooms, special_room [special_room_orc], mrwooster_statue_mirror
D:13:     layout_loops_ring, nicolae_trove_entry_crossroad,
          hangedman_decor_lopped, hangedman_decor_peaks_small, uniq_urug
D:14:     layout_basic, grunt_vaults_entry_tiered, minmay_misc_feat_x
D:15:     grunt_enter_depths_magical_seal, layout_basic, minmay_misc_feat_iff,
          nicolae_elemental_shop
Lair:1:   layout_regular_city, portal_ice_cave_rime, ebering_ghost_rock_garden,
          serial_bayou_pond_e, gammafunk_lair_bear_cave
Lair:2:   layout_roguey
Lair:3:   layout_loops_ring, elwin_shoals_entry_stream,
          hellmonk_spider_entry_not_the_bees, beast_lair_carwin_8
Lair:4:   layout_regular_city, slime_entry_1, ebering_ghost_inner_flame,
          bobbens_dragon_lair_wall, serial_bayou_shore_a
Lair:5:   grunt_lair_end_beastmaster, layout_cave_pods, basic_altar,
          minmay_stone_trees_small, st_stairs_9,
          grunt_forest_large_clearing_hut, grunt_megastairs_3
Orc:1:    layout_diamond_mine

Skill      XL: |  1  2  3  4  5  6  7  8  9 10 11 12 13 14 15 |
---------------+----------------------------------------------+-----
Axes           | 3 6 7 9 11 13 15 16 18 19 20 21 | 21.2
Fighting       | 4 5 6 7 9 10 11 12 13 14 15 | 15.7
Armour         | 4 6 8 10 11 12 13 | 13.0
Shields        | 4 6 8 10 11 12 13 | 13.0
Evocations     | 3 4 |  4.1
Invocations    | 4 |  4.6

Action                   |  1- 3 |  4- 6 |  7- 9 | 10-12 | 13-15 || total
-------------------------+-------+-------+-------+-------+-------++-------
Melee: War axe           |    88 |    61 |   254 |   538 |   486 ||  1427
       Headbutt          |     7 |     9 |    49 |   123 |   159 ||   347
       Flail             |       |       |       |    15 |    40 ||    55
       Broad axe         |       |       |       |       |   100 ||   100
       Scimitar          |       |       |       |       |     6 ||     6
Invok: Heroism           |       |       |       |    10 |     4 ||    14
Evoke: Wand              |       |       |       |     2 |       ||     2
       Condenser vane    |       |       |       |     1 |       ||     1
  Use: Potion            |     1 |       |     6 |     4 |     1 ||    12
       Scroll            |       |       |    11 |    18 |     6 ||    35
 Stab: Petrified         |       |       |       |       |     4 ||     4
       Petrifying        |       |       |       |       |     2 ||     2
Armor: Scale mail        |    44 |    34 |    56 |    73 |       ||   207
       Skin              |       |       |    21 |       |       ||    21
       Plate armour      |       |       |       |   159 |   379 ||   538
Dodge: Dodged            |    47 |    39 |   103 |   241 |   241 ||   671
Block: Buckler           |    18 |     5 |    50 |   101 |   249 ||   423
